| TOP OF THE 1ST |
|
Burlington Bees batting - Pitching for Delmarva Shorebirds : RHP Juan Estrada
|
|
Pitching: RHP Juan Estrada
|
|
|
Batting: RHB Sean Rocha
|
0-0: Fly out, F8 (Line Drive, 89D, EV 94.4 MPH)
|
|
Batting: RHB Rory Cobb
|
0-0: Ground out 6-3 (Groundball, 6, EV 103.8 MPH)
|
|
Batting: RHB Peter Westover
|
0-0: Swinging Strike 0-1: Ground out U3 (Groundball, 3S, EV 79.4 MPH)
|
| Top of the 1st over - 0 runs, 0 hits, 0 errors, 0 left on base; Burlington 0 - Delmarva 0 |
| BOTTOM OF THE 1ST |
|
Delmarva Shorebirds batting - Pitching for Burlington Bees : RHP Hector Carrizales
|
|
Pitching: RHP Hector Carrizales
|
|
|
Batting: RHB Josh Hopp
|
0-0: Ball 1-0: Fly out, F1 (Line Drive, P, EV 76.2 MPH)
|
|
Batting: RHB Daniel Jackson
|
0-0: Ball 1-0: Called Strike 1-1: Ball 2-1: Ball 3-1: Foul Ball, location: 2F 3-2: DOUBLE (Line Drive, 9LS, EV 93.1 MPH)
|
|
Batting: RHB Ethan Finke
|
0-0: Called Strike 0-1: Ball 1-1: Swinging Strike 1-2: SINGLE (Groundball, 34D, EV 104.4 MPH) Daniel Jackson to third Runner from 3rd tries for Home, SAFE, throw by RF to home Ethan Finke to second
|
|
Batting: RHB Ismael Macedo
|
0-0: Called Strike 0-1: SINGLE (Groundball, 23, EV 67.5 MPH) (infield hit) Ethan Finke to third
|
|
Batting: RHB Luke Vaccarino
|
0-0: Called Strike Ismael Macedo is caught stealing 2nd base 2-4 0-1: Ball 1-1: Swinging Strike 1-2: Ball 2-2: Foul Ball, location: 2F 2-2: Ground out 5-3 (Groundball, 56S, EV 88.1 MPH)
|
| Bottom of the 1st over - 1 run, 3 hits, 0 errors, 1 left on base; Burlington 0 - Delmarva 1 |
| TOP OF THE 2ND |
|
Burlington Bees batting - Pitching for Delmarva Shorebirds : RHP Juan Estrada
|
|
Batting: SHB Danny Gelinas
|
0-0: Ball 1-0: Called Strike 1-1: Foul Ball, location: 2F 1-2: Ball 2-2: Foul Ball, location: 2F 2-2: Ball 3-2: Strikes out swinging
|
|
Batting: RHB Dan Burkhart
|
0-0: Called Strike 0-1: Fly out, F9 (Flyball, 9S, EV 95.6 MPH)
|
|
Batting: LHB Spencer Palmer
|
0-0: Swinging Strike 0-1: Ball 1-1: Foul Ball, location: 2F 1-2: DOUBLE (Line Drive, 78XD, EV 110.0 MPH)
|
|
Batting: LHB Jamie Diebel
|
0-0: Called Strike 0-1: Foul Ball, location: 2F 0-2: Ball 1-2: Strikes out swinging
|
| Top of the 2nd over - 0 runs, 1 hit, 0 errors, 1 left on base; Burlington 0 - Delmarva 1 |
| BOTTOM OF THE 2ND |
|
Delmarva Shorebirds batting - Pitching for Burlington Bees : RHP Hector Carrizales
|
|
Batting: RHB Mike Zepeda
|
0-0: Fly out, F8 (Flyball, 8LXD, EV 86.9 MPH)
|
|
Batting: LHB Keith Long
|
0-0: Called Strike 0-1: Fly out, F9 (Line Drive, 9, EV 100.6 MPH)
|
|
Batting: RHB Tony Godley
|
0-0: Ball 1-0: Called Strike 1-1: Swinging Strike 1-2: Foul Ball, location: 2F 1-2: Strikes out swinging
|
| Bottom of the 2nd over - 0 runs, 0 hits, 0 errors, 0 left on base; Burlington 0 - Delmarva 1 |
| TOP OF THE 3RD |
|
Burlington Bees batting - Pitching for Delmarva Shorebirds : RHP Juan Estrada
|
|
Batting: RHB Dan Thomey
|
0-0: Ball 1-0: Ball 2-0: Called Strike 2-1: Foul Ball, location: 2F 2-2: Ground out 6-3 (Groundball, 6, EV 84.4 MPH)
|
|
Batting: LHB Adam Barry
|
0-0: Foul Ball, location: 2F 0-1: Called Strike 0-2: Ball 1-2: Fly out, F7 (Line Drive, 7D, EV 101.9 MPH)
|
|
Batting: RHB Sean Rocha
|
0-0: Ball 1-0: Ground out 6-3 (Groundball, 6, EV 93.8 MPH)
|
| Top of the 3rd over - 0 runs, 0 hits, 0 errors, 0 left on base; Burlington 0 - Delmarva 1 |
| BOTTOM OF THE 3RD |
|
Delmarva Shorebirds batting - Pitching for Burlington Bees : RHP Hector Carrizales
|
|
Batting: RHB Matt O'Dea
|
0-0: Ball 1-0: Ball 2-0: Ball 3-0: Called Strike 3-1: Base on Balls
|
|
Batting: RHB Josh Hopp
|
0-0: Ground out 1-3 (Groundball, 13S, EV 72.5 MPH) Matt O'Dea to second
|
|
Batting: RHB Daniel Jackson
|
0-0: Called Strike 0-1: Ground out U3 (Groundball, 3S, EV 86.2 MPH) Matt O'Dea to third
|
|
Batting: RHB Ethan Finke
|
0-0: Ball 1-0: Ball 2-0: Ball 3-0: Base on Balls
|
|
Batting: RHB Ismael Macedo
|
0-0: DOUBLE (Line Drive, 9LS, EV 91.9 MPH) Matt O'Dea scores Ethan Finke to third
|
|
Batting: RHB Luke Vaccarino
|
0-0: Called Strike 0-1: Ball 1-1: Ball 2-1: Ground out 4-3 (Groundball, 4MS, EV 87.5 MPH)
|
| Bottom of the 3rd over - 1 run, 1 hit, 0 errors, 2 left on base; Burlington 0 - Delmarva 2 |
| TOP OF THE 4TH |
|
Burlington Bees batting - Pitching for Delmarva Shorebirds : RHP Juan Estrada
|
|
Batting: RHB Rory Cobb
|
0-0: Called Strike 0-1: Ground out 4-3 (Groundball, 4, EV 104.4 MPH)
|
|
Batting: RHB Peter Westover
|
0-0: Ball 1-0: Ball 2-0: Swinging Strike 2-1: Ground out 6-3 (Groundball, 6, EV 90.0 MPH)
|
|
Batting: SHB Danny Gelinas
|
0-0: Foul Ball, location: 2F 0-1: Called Strike 0-2: Foul Ball, location: 2F 0-2: Ball 1-2: Strikes out looking
|
| Top of the 4th over - 0 runs, 0 hits, 0 errors, 0 left on base; Burlington 0 - Delmarva 2 |
| BOTTOM OF THE 4TH |
|
Delmarva Shorebirds batting - Pitching for Burlington Bees : RHP Hector Carrizales
|
|
Batting: RHB Mike Zepeda
|
0-0: Called Strike 0-1: Swinging Strike 0-2: Ball 1-2: Foul Ball, location: 2F 1-2: Foul Ball, location: 2F 1-2: Foul Ball, location: 2F 1-2: Fly out, F8 (Line Drive, 8LS, EV 108.8 MPH)
|
|
Batting: LHB Keith Long
|
0-0: Ball 1-0: Ball 2-0: Fly out, F8 (Line Drive, 78S, EV 98.1 MPH)
|
|
Batting: RHB Tony Godley
|
0-0: Ball 1-0: Swinging Strike 1-1: Ball 2-1: Swinging Strike 2-2: Ball 3-2: Ground out 5-3 (Groundball, 56, EV 77.5 MPH)
|
| Bottom of the 4th over - 0 runs, 0 hits, 0 errors, 0 left on base; Burlington 0 - Delmarva 2 |
| TOP OF THE 5TH |
|
Burlington Bees batting - Pitching for Delmarva Shorebirds : RHP Juan Estrada
|
|
Batting: RHB Dan Burkhart
|
0-0: Ball 1-0: Called Strike 1-1: Foul Ball, location: 2F 1-2: Ball 2-2: Strikes out looking
|
|
Batting: LHB Spencer Palmer
|
0-0: Ground out U3 (Groundball, 34S, EV 86.9 MPH)
|
|
Batting: LHB Jamie Diebel
|
0-0: Called Strike 0-1: Ball 1-1: Called Strike 1-2: Foul Ball, location: 2F 1-2: Strikes out swinging
|
| Top of the 5th over - 0 runs, 0 hits, 0 errors, 0 left on base; Burlington 0 - Delmarva 2 |
| BOTTOM OF THE 5TH |
|
Delmarva Shorebirds batting - Pitching for Burlington Bees : RHP Hector Carrizales
|
|
Batting: RHB Matt O'Dea
|
0-0: Foul Ball, location: 2F 0-1: Swinging Strike 0-2: SINGLE (Groundball, 25, EV 68.1 MPH) (infield hit)
|
|
Batting: RHB Josh Hopp
|
0-0: Ball 1-0: Foul Ball, location: 2F 1-1: Swinging Strike 1-2: Ground out 5-3 (Groundball, 56S, EV 68.8 MPH) Matt O'Dea to second
|
|
Batting: RHB Daniel Jackson
|
0-0: Called Strike 0-1: Called Strike 0-2: Foul Ball, location: 2F 0-2: Ball 1-2: Foul Ball, location: 2F 1-2: Fly out, F4 (Popup, 4S, EV 82.5 MPH)
|
|
Batting: RHB Ethan Finke
|
0-0: Called Strike 0-1: Swinging Strike 0-2: Foul Ball, location: 2F 0-2: Ground out 3-1 (Groundball, 34, EV 100.6 MPH)
|
| Bottom of the 5th over - 0 runs, 1 hit, 0 errors, 1 left on base; Burlington 0 - Delmarva 2 |
| TOP OF THE 6TH |
|
Burlington Bees batting - Pitching for Delmarva Shorebirds : RHP Juan Estrada
|
|
Batting: RHB Dan Thomey
|
0-0: Called Strike 0-1: Ball 1-1: Swinging Strike 1-2: Foul Ball, location: 2F 1-2: Foul Ball, location: 2F 1-2: Ball 2-2: Strikes out swinging
|
|
Batting: LHB Adam Barry
|
0-0: Ball 1-0: Ball 2-0: Called Strike 2-1: Foul Ball, location: 2F 2-2: Strikes out swinging
|
|
Batting: RHB Sean Rocha
|
0-0: Swinging Strike 0-1: Ground out 4-3 (Groundball, 4, EV 84.4 MPH)
|
| Top of the 6th over - 0 runs, 0 hits, 0 errors, 0 left on base; Burlington 0 - Delmarva 2 |
| BOTTOM OF THE 6TH |
|
Delmarva Shorebirds batting - Pitching for Burlington Bees : RHP Hector Carrizales
|
|
Batting: RHB Ismael Macedo
|
0-0: Called Strike 0-1: Ball 1-1: Ball 2-1: Ball 3-1: Base on Balls
|
|
Batting: RHB Luke Vaccarino
|
0-0: Foul Ball, location: 2F 0-1: Ball 1-1: Fly out, F8 (Flyball, 8RD, EV 107.5 MPH)
|
|
Pitching: RHP Owen Prouty
|
|
|
Batting: RHB Mike Zepeda
|
0-0: Ball 1-0: Ball 2-0: DOUBLE (Line Drive, 7LS, EV 92.5 MPH) Ismael Macedo to third
|
|
Batting: LHB Keith Long
|
0-0: Ball 1-0: Foul Ball, location: 2F 1-1: Foul Ball, location: 2F 1-2: Ball 2-2: Ball 3-2: SINGLE (Groundball, 4D, EV 98.8 MPH) Ismael Macedo scores Mike Zepeda to third Runner from 3rd tries for Home, SAFE, throw by CF to home
|
|
Batting: RHB Tony Godley
|
0-0: Ball 1-0: Called Strike 1-1: Ball Wild Pitch! Keith Long to second 2-1: Fly out, F9 (Flyball, 9S, EV 73.1 MPH)
|
|
Batting: RHB Matt O'Dea
|
0-0: Ball 1-0: Called Strike 1-1: Ball 2-1: Swinging Strike 2-2: Foul Ball, location: 2F 2-2: Ball 3-2: Ground out 2-3 (Groundball, 2L, EV 70.6 MPH)
|
| Bottom of the 6th over - 2 runs, 2 hits, 0 errors, 1 left on base; Burlington 0 - Delmarva 4 |
| TOP OF THE 7TH |
|
Burlington Bees batting - Pitching for Delmarva Shorebirds : RHP Juan Estrada
|
|
Batting: RHB Rory Cobb
|
0-0: Ball 1-0: Foul Ball, location: 2F 1-1: Called Strike 1-2: Ball 2-2: Ball 3-2: Strikes out looking
|
|
Batting: RHB Peter Westover
|
0-0: Called Strike 0-1: Called Strike 0-2: Ball 1-2: Foul Ball, location: 2F 1-2: Ball 2-2: Ball 3-2: Base on Balls
|
|
Batting: SHB Danny Gelinas
|
0-0: Ball 1-0: Ball Peter Westover steals 2nd base 2-0: Ball 3-0: Called Strike 3-1: Foul Ball, location: 2F 3-2: Strikes out swinging
|
|
Batting: RHB Dan Burkhart
|
0-0: Foul Ball, location: 2F 0-1: Foul Ball, location: 2F 0-2: Strikes out swinging
|
| Top of the 7th over - 0 runs, 0 hits, 0 errors, 1 left on base; Burlington 0 - Delmarva 4 |
| BOTTOM OF THE 7TH |
|
Delmarva Shorebirds batting - Pitching for Burlington Bees : RHP Owen Prouty
|
|
Batting: RHB Josh Hopp
|
0-0: Called Strike 0-1: Fly out, F8 (Line Drive, 8LD, EV 95.0 MPH)
|
|
Batting: RHB Daniel Jackson
|
0-0: Foul Ball, location: 2F 0-1: Ball 1-1: Ball 2-1: Foul Ball, location: 2F 2-2: Ball 3-2: Base on Balls
|
|
Batting: RHB Ethan Finke
|
0-0: Swinging Strike 0-1: Ball 1-1: Called Strike 1-2: Strikes out swinging
|
|
Batting: RHB Ismael Macedo
|
0-0: Ball 1-0: Ground out 4-3 (Groundball, 34S, EV 83.1 MPH)
|
| Bottom of the 7th over - 0 runs, 0 hits, 0 errors, 1 left on base; Burlington 0 - Delmarva 4 |
| TOP OF THE 8TH |
|
Burlington Bees batting - Pitching for Delmarva Shorebirds : RHP Juan Estrada
|
|
Pitching: RHP Adam Browne
|
|
|
Batting: LHB Spencer Palmer
|
0-0: Called Strike 0-1: Ball 1-1: Ball 2-1: Called Strike 2-2: Strikes out swinging
|
|
Batting: LHB Jamie Diebel
|
0-0: Called Strike 0-1: Ball 1-1: Swinging Strike 1-2: Ball 2-2: Ball 3-2: Ground out U3 (Groundball, 3, EV 85.6 MPH)
|
|
Batting: RHB Dan Thomey
|
0-0: Called Strike 0-1: Ball 1-1: Swinging Strike 1-2: Strikes out swinging, 2-3 out at first.
|
| Top of the 8th over - 0 runs, 0 hits, 0 errors, 0 left on base; Burlington 0 - Delmarva 4 |
| BOTTOM OF THE 8TH |
|
Delmarva Shorebirds batting - Pitching for Burlington Bees : RHP Owen Prouty
|
|
Batting: RHB Luke Vaccarino
|
0-0: Foul Ball, location: 2F 0-1: Ball 1-1: Ball 2-1: Ball 3-1: Fly out, F9 (Flyball, 9, EV 95.6 MPH)
|
|
Batting: RHB Mike Zepeda
|
0-0: Called Strike 0-1: Foul Ball, location: 2F 0-2: Ball 1-2: Fly out, F9 (Line Drive, 9D, EV 105.6 MPH)
|
|
Batting: LHB Keith Long
|
0-0: Ball 1-0: Called Strike 1-1: Called Strike 1-2: Ball 2-2: Ball 3-2: Strikes out swinging
|
| Bottom of the 8th over - 0 runs, 0 hits, 0 errors, 0 left on base; Burlington 0 - Delmarva 4 |
| TOP OF THE 9TH |
|
Burlington Bees batting - Pitching for Delmarva Shorebirds : RHP Adam Browne
|
|
Pitching: RHP Harley Hyde
|
|
|
Batting: LHB Adam Barry
|
0-0: Ball 1-0: Called Strike 1-1: Foul Ball, location: 2F 1-2: Strikes out swinging
|
|
Batting: RHB Sean Rocha
|
0-0: Ball 1-0: Ball 2-0: Called Strike 2-1: Foul Ball, location: 2F 2-2: Foul Ball, location: 2F 2-2: Fly out, F4 (Flyball, 4D, EV 86.2 MPH)
|
|
Batting: RHB Rory Cobb
|
0-0: Ground out 6-3 (Groundball, 6, EV 101.9 MPH)
|
| Top of the 9th over - 0 runs, 0 hits, 0 errors, 0 left on base; Burlington 0 - Delmarva 4 |
|